 Dungeon Crawl Stone Soup version 0.28-a0-1087-gf3fc490d9d (webtiles) character file.

Game seed: 849233779365698860

151 RepHenryClay the Stinger (level 5, -4/31 HPs)
             Began as an Octopode Venom Mage on Dec 10, 2021.
             Slain by a bullfrog skeleton (5 damage)
             ... on level 5 of the Dungeon.
             The game lasted 00:09:59 (4747 turns).

RepHenryClay the Stinger (Octopode Venom Mage)      Turns: 4747, Time: 00:10:00

Health: -4/31      AC:  1    Str:  7    XL:     5   Next: 33%
Magic:  2/8        EV: 13    Int: 20    God:
Gold:   172        SH:  0    Dex: 12    Spells: 0/8 levels left

rFire   . . .      SeeInvis .   a - staff of poison
rCold   . . .      Faith    .   (no shield)
rNeg    . . .      Spirit   .   (helmet restricted)
rPois   +          Reflect  .   (no amulet)
rElec   .          Harm     .   (no ring)
rCorr   .          Rampage  .   (no ring)
Will    .....                   (no ring)
Stlth   +++.......              (no ring)
HPRegen 0.10/turn               (no ring)
MPRegen 0.11/turn               (no ring)
                                (no ring)
                                (no ring)

@: no status effects
A: almost no armour, amphibious, 8 rings, camouflage 1, gelatinous body 1,
(nimble swimmer 1), tentacles
a: no special abilities


You were on level 5 of the Dungeon.
You visited 1 branch of the dungeon, and saw 7 of its levels.

You collected 172 gold pieces.

Inventory:

Missiles
 g - a throwing net
Magical Staves
 a - a staff of poison (weapon)
Wands
 d - a wand of flame (11)
Scrolls
 i - a scroll of enchant armour
 j - a scroll of vulnerability
Potions
 h - a potion of mutation


   Skills:
 - Level 2.0 Dodging
 - Level 2.6 Stealth
 - Level 2.0 Spellcasting
 + Level 1.6 Conjurations
 - Level 1.0 Transmutations
 + Level 1.6 Air Magic
 - Level 6.1 Poison Magic


You couldn't memorise any spells.
You knew the following spells:

 Your Spells              Type           Power      Damage    Failure   Level
a - Sting                 Tmut/Pois      96%        1d7       3%          1
b - Mephitic Cloud        Conj/Pois/Air  21%        N/A       13%         3
c - Poisonous Vapours     Pois/Air       52%        N/A       4%          2
d - Static Discharge      Conj/Air       8%         N/A       12%         2

Your spell library contained the following spells:

 Spells                   Type           Power      Damage    Failure   Level
 Olgreb's Toxic Radiance  Pois           39%        N/A       13%         4
 Freeze                   Ice            8%         1d3       16%         1
 Frozen Ramparts          Ice            4%         1d2       43%         3
 Inner Flame              Hex/Fire       2%         N/A       43%         3
 Hailstorm                Conj/Ice       5%         3d4       73%         4
 Sticky Flame             Conj/Fire      5%         2d3       73%         4
 Cause Fear               Hex            1%         N/A       83%         4
 Dispel Undead            Necr           2%         3d7       83%         4
 Discord                  Hex            1%         N/A       100%        8


Dungeon Overview and Level Annotations

Branches:
Dungeon (7/15)             Temple (0/1) D:4

Altars:
Elyvilon
Ru
Sif Muna

Annotations:
D:4 1 exclusion
D:6 Maggie


Innate Abilities, Weirdness & Mutations

You cannot wear most types of armour.
You are amphibious.
You can wear up to eight rings at the same time.
Your skin changes colour to match your surroundings (Stealth+).
Your rubbery body absorbs attacks. (AC +1, EV +1)
((You are camouflaged near water. (Stealth+)))
You have tentacles for arms and can constrict up to eight enemies at once.


Message History

The hound is engulfed in noxious fumes.
The hound appears confused.
Something bites the phantom but does no damage.
You feel a bit more experienced.
The hound closely misses the phantom.
A bullfrog skeleton comes into view.
Found 16 gold pieces.
Found 15 gold pieces.
Aiming: Throw Flame
Press: ? - help, Shift-Dir - straight line, f - bullfrog skeleton
Aim: a bullfrog skeleton (89% to hit)
The puff of flame hits the bullfrog skeleton.
The bullfrog skeleton is lightly damaged.
Aiming: Throw Flame
Press: ? - help, Shift-Dir - straight line, f/p - bullfrog skeleton
Aim: a bullfrog skeleton (lightly damaged, 89% to hit)
The puff of flame hits the bullfrog skeleton.
The bullfrog skeleton is moderately damaged.
The bullfrog skeleton hits you.
* * * LOW HITPOINT WARNING * * *
Huge Dmg: -3%(-1hp) hp: 4%(1hp)
Aiming: Throw Flame
Press: ? - help, Shift-Dir - straight line, f/p - bullfrog skeleton
Aim: a bullfrog skeleton (moderately damaged, 89% to hit)
The puff of flame hits the bullfrog skeleton!
The bullfrog skeleton is heavily damaged.
The bullfrog skeleton hits you but does no damage.
Aiming: Throw Flame
Press: ? - help, Shift-Dir - straight line, f/p - bullfrog skeleton
Aim: a bullfrog skeleton (heavily damaged, 89% to hit)
The puff of flame hits the bullfrog skeleton.
The bullfrog skeleton is severely damaged.
The bullfrog skeleton closely misses you.
The bullfrog skeleton completely misses you.
Aiming: Throw Flame
Press: ? - help, Shift-Dir - straight line, f/p - bullfrog skeleton
Aim: a bullfrog skeleton (severely damaged, 89% to hit)
The puff of flame hits the bullfrog skeleton.
The bullfrog skeleton is almost destroyed.
The bullfrog skeleton hits you.
You die...

#.......#.#
....########..#.#
................#
................#
................#
.......##.......#
....... #.......#
..$....##W......#
.......@......#.#
.......Z......#..#
..............#..#
#.............# .#
..............#
..............#
...........$..#
.#####+#......#


You could see a phantom and a bullfrog skeleton.

Vanquished Creatures
  5 gnolls
  An adder (D:2)
  3 worms
  3 dart slugs
  An orc (D:5)
  4 endoplasms
  2 giant cockroaches
  3 goblins
  6 hobgoblins
  6 jackals
  10 kobolds
  2 quokkas
  8 ball pythons
  9 bats
  2 frilled lizards
  5 rats
70 creatures vanquished.

Vanquished Creatures (collateral kills)
  2 orcs (D:4)
2 creatures vanquished.

Grand Total: 72 creatures vanquished

Notes
Turn   | Place    | Note
-------+----------+-------------------------------------------
     0 | D:1      | RepHenryClay the Octopode Venom Mage began the quest for
                  | the Orb.
     0 | D:1      | Reached XP level 1. HP: 11/11 MP: 3/3
   128 | D:1      | Reached skill level 4 in Poison Magic
   140 | D:1      | Reached XP level 2. HP: 14/17 MP: 1/5
   465 | D:1      | Reached XP level 3. HP: 15/21 MP: 0/6
   644 | D:1      | Reached skill level 5 in Poison Magic
  1535 | D:2      | Found a faded altar of an unknown god.
  1566 | D:1      | Learned a level 3 spell: Mephitic Cloud
  1616 | D:1      | Learned a level 2 spell: Poisonous Vapours
  1712 | D:2      | Reached XP level 4. HP: 27/27 MP: 2/7
  1766 | D:2      | Reached skill level 6 in Poison Magic
  2879 | D:3      | Reached skill level 1 in Conjurations
  2879 | D:3      | Reached skill level 1 in Air Magic
  3065 | D:3      | Found a sacrificial altar of Ru.
  3098 | D:3      | Reached XP level 5. HP: 28/31 MP: 5/8
  3113 | D:3      | Learned a level 2 spell: Static Discharge
  3193 | D:3      | Found a shimmering blue altar of Sif Muna.
  3515 | D:3      | Identified a scroll of acquirement
  3515 | D:3      | Acquired a staff of poison
  4243 | D:4      | Noticed a necrophage
  4480 | D:4      | You fall into a shaft and drop 3 floors!
  4522 | D:6      | Noticed an ice beast
  4557 | D:6      | Noticed an ice beast
  4621 | D:7      | Noticed a lemure
  4682 | D:6      | Noticed Maggie
  4682 | D:6      | Noticed a phantom
  4689 | D:6      | Noticed an ice beast
  4692 | D:6      | Noticed a kobold brigand
  4695 | D:6      | Found a white marble altar of Elyvilon.
  4699 | D:5      | Entered Level 5 of the Dungeon
  4725 | D:5      | HP: 1/31 [hound (3)]
  4744 | D:5      | HP: 1/31 [bullfrog skeleton (1)]
  4747 | D:5      | Slain by a bullfrog skeleton

Illustrated notes

Levels and vault maps discovered:
D:1:      wander_arrival_fairy_ring, layout_basic
D:2:      layout_basic, nicolae_ecumenical_oubliette, kennysheep_generic_room_3
D:3:      layout_rooms, mainiacjoe_overflow_24_doors,
          nicolae_ru_sacrificial_ziggurat, roderic_batcave
D:4:      minmay_goblin_kobold_castle, layout_layer_cave,
          amethyst_overflow_temple_binary, minmay_temple_entry_crystal_x,
          uniq_sigmund
D:5:      cheibrodos_helix_gallery, layout_basic
D:6:      layout_cave_pools, mainiacjoe_overflow_brackets, uniq_maggie
D:7:      layout_basic, uniq_pikel

Skill      XL: |  1  2  3  4 |
---------------+-------------+-----
Poison Magic   | 4 5 6 |  6.1
Conjurations   | 1 |  1.6
Air Magic      | 1 |  1.6
Dodging        | |  2.0
Stealth        | |  2.6
Spellcasting   | |  2.0
Transmutations | |  1.0

Action                   |  1- 3 |  4- 6 || total
-------------------------+-------+-------++-------
Melee: Unarmed           |    23 |    16 ||    39
       Constrict         |     5 |     5 ||    10
       Tentacles         |     4 |     4 ||     8
 Cast: Sting             |    43 |    96 ||   139
       Static Discharge  |       |     4 ||     4
       Mephitic Cloud    |       |     1 ||     1
Evoke: Wand              |       |     7 ||     7
  Use: Scroll            |       |    10 ||    10
       Potion            |       |     1 ||     1
Armor: Skin              |     4 |    14 ||    18
Dodge: Dodged            |    20 |   101 ||   121

Table legend: (Time is in decaauts)
 A = Elapsed time spent in this place.
 B = Non-inter-level travel time spent in this place.
 C = Inter-level travel time spent in this place.
 D = Time resting spent in this place.
 E = Time spent auto-exploring this place.
 F = Levels seen in this place.
 G = Mean time per level.
                   A        B        C        D        E       F      G
               +--------+--------+--------+--------+--------+-----+--------+
         Total |   4753 |   4569 |    184 |    909 |   2822 |   7 |  679.0 |
       Dungeon |   4753 |   4569 |    184 |    909 |   2822 |   7 |  679.0 |
               +--------+--------+--------+--------+--------+-----+--------+

Top non-repeatable levels by time:
     D:1: 1556 daAuts
     D:3: 1401 daAuts
     D:2: 1397 daAuts
     D:4: 130 daAuts
     D:7: 113 daAuts
     D:6: 106 daAuts
     D:5: 47 daAuts
